 Dungeon Crawl Stone Soup version 0.27.1-1-g398f81649c (webtiles) character file.

Game seed: 10203502208749041995

172 H0rd4k the Magician (level 5, 0/31 HPs)
             Began as an Octopode Hedge Wizard on Sept 15, 2021.
             Slain by a goblin (3 damage)
             ... on level 2 of the Dungeon.
             The game lasted 00:05:27 (4952 turns).

H0rd4k the Magician (Octopode Hedge Wizard)         Turns: 4952, Time: 00:05:28

Health: 0/31       AC:  1    Str:  9    XL:     5   Next: 52%
Magic:  3/11       EV: 13    Int: 18    God:
Gold:   71         SH:  0    Dex: 11    Spells: 9/12 levels left

rFire    . . .     SeeInvis .   a - +0 dagger
rCold    . . .     Faith    .   (no shield)
rNeg     . . .     Spirit   .   b - +0 hat
rPois    .         Reflect  .   (no amulet)
rElec    .         Harm     .   d - ring of willpower
rCorr    .         Rampage  .   (no ring)
Will     +....                  (no ring)
Stlth    +++.......             (no ring)
HPRegen  0.10/turn              (no ring)
MPRegen  0.12/turn              (no ring)
                                (no ring)
                                (no ring)

@: no status effects
A: almost no armour, amphibious, 8 rings, camouflage 1, gelatinous body 1,
(nimble swimmer 1), tentacles
a: no special abilities


You were on level 2 of the Dungeon.
You visited 1 branch of the dungeon, and saw 4 of its levels.

You collected 71 gold pieces.

Inventory:

Hand Weapons
 a - a +0 dagger (weapon)
Armour
 b - a +0 hat (worn)
Jewellery
 d - a ring of willpower (left tentacle)
Scrolls
 c - a scroll of amnesia {unknown}
 e - a scroll of acquirement {unknown}
 f - 3 scrolls of identify {unknown}
 g - 2 scrolls of teleportation {unknown}
 h - 2 scrolls of brand weapon {unknown}
 k - a scroll of magic mapping {unknown}
 l - a scroll of enchant armour {unknown}


   Skills:
 + Level 0.2 Fighting
 + Level 0.2 Short Blades
 + Level 2.2 Dodging
 + Level 3.0 Stealth
 + Level 4.4 Spellcasting
 + Level 3.3 Conjurations
 + Level 1.0 Summonings
 + Level 1.0 Translocations


You had 9 spell levels left.
You knew the following spells:

 Your Spells              Type           Power      Damage    Failure   Level
a - Magic Dart            Conj           60%        1d6       3%          1
b - Blink                 Tloc           N/A        N/A       14%         2

Your spell library contained the following spells:

 Spells                   Type           Power      Damage    Failure   Level
 Call Imp                 Summ           7%         N/A       14%         2
 Slow                     Hex            4%         N/A       22%         2
 Conjure Flame            Conj/Fire      9%         6-21      22%         3
 Mephitic Cloud           Conj/Pois/Air  7%         N/A       26%         3
 Call Canine Familiar     Summ           7%         N/A       28%         3
 Portal Projectile        Hex/Tloc       10%        N/A       34%         3
 Leda's Liquefaction      Hex/Erth       2%         N/A       80%         4


Dungeon Overview and Level Annotations

Branches:
Dungeon (4/15)
 Temple: D:4-7

Altars:

Shops:
D:4 **

Annotations:
D:1 exclusion: downstairs
D:2 exclusions: 2 downstairs and worm
D:3 exclusion: skeleton


Innate Abilities, Weirdness & Mutations

You cannot wear most types of armour.
You are amphibious.
You can wear up to eight rings at the same time.
Your skin changes colour to match your surroundings (Stealth+).
Your rubbery body absorbs attacks. (AC +1, EV +1)
((You are camouflaged near water. (Stealth+)))
You have tentacles for arms and can constrict up to eight enemies at once.


Message History

The goblin barely misses you.
You climb upwards.
Level annotation: exclusion: skeleton
There is a stone staircase leading down here.
The goblin hits you with a +0 club.
* * * LOW HITPOINT WARNING * * *
Unknown command.
There is an open door here.
You are too injured to fight recklessly!
Unknown command.
There is a stone staircase leading up here.
The goblin closely misses you.
You climb upwards.
Level annotation: exclusions: 2 downstairs and worm
There is a stone staircase leading down here.
Casting: Magic Dart (safe; 3% risk of failure)
Confirm with . or Enter, or press ? or * to list all spells.
Aiming: Magic Dart (safe; 3% risk of failure)
Press: ? - help, Shift-Dir - straight line, f - goblin
Aim: a goblin, wielding a +0 club and wearing a +1 ring mail of fire resistance (100% to hit)
The magic dart hits the goblin but does no damage.
The goblin closely misses you.
Casting: Magic Dart (safe; 3% risk of failure)
Confirm with . or Enter, or press ? or * to list all spells.
Aiming: Magic Dart (safe; 3% risk of failure)
Press: ? - help, Shift-Dir - straight line, f/p - goblin
Aim: a goblin, wielding a +0 club and wearing a +1 ring mail of fire resistance (100% to hit)
The magic dart hits the goblin.
The goblin is heavily wounded.
The goblin barely misses you.
Sorry, you're not good enough to have a special ability.
Casting: Magic Dart (safe; 3% risk of failure)
Confirm with . or Enter, or press ? or * to list all spells.
Aiming: Magic Dart (safe; 3% risk of failure)
Press: ? - help, Shift-Dir - straight line, f/p - goblin
Aim: a goblin, wielding a +0 club and wearing a +1 ring mail of fire resistance (heavily wounded, 100% to hit)
The magic dart hits the goblin but does no damage.
The goblin is heavily wounded.
The goblin hits you with a +0 club.
You die...

#.# #.# #.# #.. #.#
#.# #.# #..
#.####.#### #.# #..
#.#.......# #.# #..
#.#.##.##.## #.#
#..
#.#.##.#...######.#
#..
#.#.##...#........#
##.
#.#.##.#...########
#. #.>..g@##.## #.
###.......# ##
####.#### ### #.#
##.. #.#
#########.#. #.#
#........### #.#
#.#######.#. #.#
#.# ##.# #.# #.#
#.#


You could see a goblin.

Vanquished Creatures
  A water moccasin skeleton (D:3)
  A hound skeleton (D:4)
  4 gnolls (D:3)
  An adder skeleton (D:4)
  A worm (D:4)
  2 dart slugs
  An orc (D:3)
  8 ball pythons
  12 endoplasms
  2 giant cockroaches
  A goblin (D:3)
  8 hobgoblins
  2 quokkas (D:1)
  4 bats
  A frilled lizard (D:2)
  4 kobolds
  8 rats
61 creatures vanquished.

Notes
Turn   | Place    | Note
-------+----------+-------------------------------------------
     0 | D:1      | H0rd4k the Octopode Hedge Wizard began the quest for the
                  | Orb.
     0 | D:1      | Reached XP level 1. HP: 11/11 MP: 4/4
   341 | D:1      | Reached XP level 2. HP: 6/17 MP: 1/6
   887 | D:1      | Found a faded altar of an unknown god.
  1372 | D:1      | Reached XP level 3. HP: 21/21 MP: 4/8
  1375 | D:1      | Learned a level 2 spell: Blink
  3218 | D:3      | Reached XP level 4. HP: 27/27 MP: 4/9
  3956 | D:3      | Reached skill level 4 in Spellcasting
  4334 | D:3      | Reached XP level 5. HP: 14/31 MP: 2/11
  4673 | D:4      | Found Lefo's Specific Store.
  4675 | D:4      | Found Moecan's General Store.
  4932 | D:3      | HP: 1/31 [goblin (1)]
  4952 | D:2      | Slain by a goblin

Illustrated notes

Levels and vault maps discovered:
D:1:      amcnicky_arrival_abandoned_market, layout_rooms,
          shapermc_ecumenical_altar_starsandcircs
D:2:      layout_loops_ring
D:3:      layout_basic, minmay_pentangle
D:4:      layout_gridville, nicolae_specific_store, minmay_hedge_maze

Skill      XL: |  1  2  3  4 |
---------------+-------------+-----
Conjurations   | 2 3 |  3.3
Spellcasting   | 4 |  4.4
Stealth        | 3 |  3.0
Fighting       | |  0.2
Short Blades   | |  0.2
Dodging        | |  2.2
Summonings     | |  1.0
Translocations | |  1.0

Action                   |  1- 3 |  4- 6 || total
-------------------------+-------+-------++-------
Melee: Dagger            |    31 |     4 ||    35
       Constrict         |    10 |     2 ||    12
       Tentacles         |     3 |     1 ||     4
 Cast: Magic Dart        |   124 |    84 ||   208
  Use: Potion            |       |     2 ||     2
Armor: Skin              |     4 |     2 ||     6
Dodge: Dodged            |    28 |    28 ||    56
